 Dungeon Crawl Stone Soup version 0.29-a0-676-ga64570c9d2 (webtiles) character file.

Game seed: 15142023320737267564

123 Newt the Insei (level 5, -2/49 HPs)
             Began as an Octopode Transmuter on June 24, 2022.
             Killed from afar by Sigmund (5 damage)
             ... with a magic dart
             ... on level 3 of the Dungeon.
             The game lasted 00:04:40 (2117 turns).

Newt the Insei (Octopode Transmuter)                Turns: 2117, Time: 00:04:41

Health: -2/49      AC: 26    Str: 11    XL:     5   Next: 7%
Magic:  8/8        EV:  2    Int: 15    God:
Gold:   113        SH:  0    Dex: 13    Spells: 7/8 levels left

rFire   . . .      SeeInvis .   i - +3 short sword (freeze)
rCold   . . .      Faith    .   (no shield)
rNeg    . . .      Spirit   .   (helmet currently unavailable)
rPois   +          Reflect  .   (no amulet)
rElec   .          Harm     .   d - +4 ring of protection
rCorr   .          Rampage  .   (no ring)
Will    .....      NoTele   +   (no ring)
Stlth   ++........              (no ring)
HPRegen 0.16/turn               (no ring)
MPRegen 0.11/turn               (no ring)
                                (no ring)
                                (no ring)

@: tree-form
A: stationary, stasis, torment immunity, boosted hp, almost no armour,
(amphibious), 8 rings, (camouflage 1), (gelatinous body 1), (nimble swimmer 1),
(tentacles)
a: no special abilities


You were on level 3 of the Dungeon.
You were a tree.
You visited 1 branch of the dungeon, and saw 3 of its levels.

You collected 113 gold pieces.

Inventory:

Hand Weapons
 c - a +4 dagger
 i - a +3 short sword of freezing (weapon)
Jewellery
 d - a +4 ring of protection (left branch)
Scrolls
 h - 3 scrolls of enchant armour
 m - a scroll of teleportation {unknown}
 n - a scroll of fog {unknown}
Potions
 a - a potion of lignification
 j - 2 potions of brilliance
 l - 2 potions of flight


   Skills:
 + Level 1.1 Fighting
 * Level 2.1 Short Blades
 + Level 2.5 Dodging
 + Level 2.3 Stealth
 + Level 4.0 Unarmed Combat
 + Level 2.2 Spellcasting
 + Level 2.1 Transmutations


You had 7 spell levels left.
You knew the following spells:

 Your Spells              Type           Power      Damage    Failure   Level
a - Beastly Appendage     Tmut           16%        N/A       9%          1

Your spell library contained the following spells:

 Spells                   Type           Power      Damage    Failure   Level
 Wereblood                Tmut           8%         N/A       14%         2
 Spider Form              Tmut/Pois      4%         N/A       38%         3
 Ice Form                 Ice/Tmut       4%         N/A       80%         4


Dungeon Overview and Level Annotations

Branches:
Dungeon (3/15)

Altars:

Shops:
D:2 [   D:3 =

Annotations:
D:3 Sigmund


Innate Abilities, Weirdness & Mutations

You are a tree.
Your roots penetrate the ground, keeping you stationary.
You cannot be teleported.
You are immune to unholy pain and torment.
Your maximum health is greatly increased.
You cannot wear most types of armour.
((You are amphibious.))
You can wear up to eight rings at the same time.
((Your skin changes colour to match your surroundings (Stealth+).))
((Your rubbery body absorbs attacks. (AC +1, EV +1)))
((You are camouflaged when in or above water. (Stealth+)))
((You have tentacles for arms and can constrict up to eight enemies at once.))


Message History

The endoplasm freezes you.
You are frozen.
* * * LOW HITPOINT WARNING * * *
You closely miss the endoplasm.
The endoplasm is moderately wounded.
A magic dart appears from out of thin air!
The magic dart hits you but does no damage.
The endoplasm hits you but does no damage.
You hit the endoplasm but do no damage.
The endoplasm is moderately wounded.
Something hits you.
* * * LOW HITPOINT WARNING * * *
The endoplasm hits you but does no damage.
You hit the endoplasm. You freeze the endoplasm.
The endoplasm is almost dead.
The endoplasm freezes you.
You are frozen.
* * * LOW HITPOINT WARNING * * *
Something hits you but does no damage.
You barely miss the endoplasm.
The endoplasm is almost dead.
You feel less confused. The endoplasm freezes you.
You are frozen.
* * * LOW HITPOINT WARNING * * *
You hit the endoplasm. You freeze the endoplasm.
You kill the endoplasm!
Something hits you but does no damage.
As you read the scroll labelled UFIRUO RUIX, it crumbles to dust.
It is a scroll of enchant weapon.
Your +2 short sword of freezing glows red for a moment.
A magic dart appears from out of thin air!
The magic dart hits you.
* * * LOW HITPOINT WARNING * * *
As you read the scroll labelled ZUUCHE FUOZ HULLITZ, it crumbles to dust.
The creatures around you are filled with an inner flame!
It was a scroll of immolation.
A magic dart appears from out of thin air!
The magic dart hits you.
You die...

.# ## #.# ...#. #.# ###.#.
#.## ..... ...
#.#.###'######
#.∩.∩.........
###.....♣...#######.
.#...∩${.†.........#.#####
>................. ......
##.#.####......... #....#
# #....#.### #....# #....#
.. ....# #....########...#
#.....†.........##
#...#########.....


There were no monsters in sight!

Vanquished Creatures
  A hound (D:3)
  2 adders
  An ufetubus (D:3)
  2 dart slugs (D:1)
  4 bats
  6 endoplasms
  2 giant cockroaches
  7 goblins
  10 hobgoblins
  11 ball pythons
  2 frilled lizards (D:2)
  10 kobolds
  3 rats
61 creatures vanquished.

Notes
Turn   | Place    | Note
-------+----------+-------------------------------------------
     0 | D:1      | Newt the Octopode Transmuter began the quest for the Orb.
     0 | D:1      | Reached XP level 1. HP: 13/13 MP: 3/3
   196 | D:1      | Reached XP level 2. HP: 12/18 MP: 5/5
   389 | D:1      | Found a faded altar of an unknown god.
   526 | D:1      | Reached XP level 3. HP: 22/23 MP: 6/6
  1314 | D:2      | Found Wacegil's Antique Armour Shoppe.
  1388 | D:2      | Reached skill level 1 in Short Blades
  1388 | D:2      | Reached skill level 1 in Stealth
  1481 | D:2      | Reached XP level 4. HP: 28/28 MP: 7/7
  1599 | D:3      | Reached skill level 4 in Unarmed Combat
  2072 | D:3      | Found Weleurum's Jewellery Emporium.
  2085 | D:3      | Noticed Sigmund
  2109 | D:3      | Reached XP level 5. HP: 19/33 MP: 8/8
  2116 | D:3      | HP: 2/49 [something/magic dart (4)]
  2117 | D:3      | Killed from afar by Sigmund

Illustrated notes

Levels and vault maps discovered:
D:1:      dpeg_arrival_simpleton_a, layout_loops_cross,
          ebering_ecumenical_altar_mist
D:2:      layout_loops_ring, serial_shops, nicolae_shop_window_shopping
D:3:      minmay_angry_zag, layout_basic, serial_shops,
          nicolae_shop_competitors_out_of_business, uniq_sigmund

Skill      XL: |  1  2  3  4 |
---------------+-------------+-----
Short Blades   | 1 2 |  2.1
Stealth        | 1 2 |  2.3
Unarmed Combat | 4 |  4.0
Fighting       | |  1.1
Dodging        | |  2.5
Spellcasting   | |  2.2
Transmutations | |  2.1

Action                   |  1- 3 |  4- 6 || total
-------------------------+-------+-------++-------
Melee: Unarmed           |    13 |       ||    13
       Constrict         |    14 |     9 ||    23
       Tentacles         |    10 |     8 ||    18
       Punch             |     4 |       ||     4
       Dagger            |    29 |       ||    29
       Short sword       |    29 |    53 ||    82
  Use: Scroll            |       |     7 ||     7
       Potion            |       |     3 ||     3
 Stab: Sleeping          |     7 |     2 ||     9
Armor: Skin              |    12 |    22 ||    34
Dodge: Dodged            |    47 |    40 ||    87

Table legend: (Time is in decaauts)
 A = Elapsed time spent in this place.
 B = Non-inter-level travel time spent in this place.
 C = Inter-level travel time spent in this place.
 D = Time resting spent in this place.
 E = Time spent auto-exploring this place.
 F = Levels seen in this place.
 G = Mean time per level.
                   A        B        C        D        E       F      G
               +--------+--------+--------+--------+--------+-----+--------+
         Total |   2116 |   2034 |     82 |      0 |   1659 |   3 |  705.3 |
       Dungeon |   2116 |   2034 |     82 |      0 |   1659 |   3 |  705.3 |
               +--------+--------+--------+--------+--------+-----+--------+

Top non-repeatable levels by time:
     D:1: 1085 daAuts
     D:3: 580 daAuts
     D:2: 451 daAuts
